 Dungeon Crawl Stone Soup version 0.31-a0-662-g684573625c (webtiles) character file.

Game seed: 10714844004634157445

568188 osuadh the Conqueror (level 26, -6/173 HPs)
             Began as a Gargoyle Fighter on Sept 1, 2023.
             Was the Champion of Hepliaklqana.
             Killed from afar by an orb of fire (26 damage)
             ... with a fireball
             ... on level 5 of the Realm of Zot.
             The game lasted 03:45:38 (79954 turns).

osuadh the Conqueror (Gargoyle Fighter)            Turns: 79954, Time: 03:45:38

Health: -6/173     AC: 41    Str: 22    XL:     26   Next: 87%
Magic:  39/43      EV: 24    Int: 24    God:    Hepliaklqana [******]
Gold:   5084       SH:  0    Dex: 11    Spells: 22/49 levels left

rFire   + . .        A - +6 longbow of Dinaulagh {speed, rPois}
rCold   + + +        (shield currently unavailable)
rNeg    + + .        B - +5 robe of Night {Dark Will+ SInv}
rPois   ∞            b - +2 hat {Int+3}
rElec   +            V - +2 cloak {Will+}
rCorr   +            D - +2 pair of gloves
SInv    +            Y - +3 pair of mountain boots {steadfast, rC+}
Will    ++++.        v - amulet of regeneration
Stlth   ++++         y - +5 ring of evasion
HPRegen 0.00/turn    x - ring of Temptation {rC+ rN+ Int+6 Dex-2}
MPRegen 0.28/turn

%: no passive effects
@: about to teleport, resistant, wereblooded, enlightened, flying, inhibited
regen, hasted, invisible, very quick
A: reduced essence, sickness immunity, AC +20, big wings, negative energy
resistance 1, electricity resistance, torment resistance 1, petrification
resistance, high MP 1, inhibited regeneration, no potion heal 1, MP-powered
wands
}: 3/15 runes: decaying, abyssal, gossamer
a: Renounce Religion, Recall Ancestor, Ancestor Identity, Transference, Idealise


You were on level 5 of the Realm of Zot.
You worshipped Hepliaklqana.
Hepliaklqana was exalted by your worship.
You visited 13 branches of the dungeon, and saw 56 of its levels.
You visited the Abyss 1 time.
You visited 1 bazaar.

You collected 6262 gold pieces.
You spent 1178 gold pieces at shops.

Inventory:

Hand Weapons
 t - the +8 orcbow of Demonkind {elec, rCorr}
   (You found it on level 3 of the Dungeon)

   rCorr:     It protects you from acid and corrosion.
 A - the +6 longbow of Dinaulagh (weapon) {speed, rPois}
   (You found it on level 3 of the Elven Halls)

   rPois:     It protects you from poison
Armour
 b - a +2 hat of intelligence (worn)
 B - the +5 robe of Night (worn) {Dark Will+ SInv}
   (You took it off a deep elf death mage on level 3 of the Elven Halls)

   Dark:      It shrouds the wearer in darkness, reducing the range at which
   they can see and be seen by others.
   Will+:     It increases your willpower.
   SInv:      It lets you see invisible.
 D - a +2 pair of gloves (worn)
 O - a +2 hat of stealth
 U - the +2 robe of Noughts and Crosses {rF+ rCorr Slay+3}
   (You found it on level 3 of the Lair of Beasts)

   Slay+3:    It affects your accuracy & damage with ranged weapons and melee
   (+3).
   rF+:       It protects you from fire.
   rCorr:     It protects you from acid and corrosion.
 V - a +2 cloak of willpower (worn)
 Y - the +3 pair of mountain boots (worn) {steadfast, rC+}
   (You found it on level 4 of the Lair of Beasts)

   Steadfast: It prevents involuntary movement, except for blinking,
   teleportation, or banishment.
   rC+:       It protects you from cold.
Jewellery
 q - the ring of Dioc {SInv Stlth+}
   (You took it off a deep elf annihilator on level 3 of the Elven Halls)

   [ring of see invisible]

   SInv:      It lets you see invisible.
   Stlth+:    It makes you more stealthy.
 u - a +6 ring of dexterity
 v - an amulet of regeneration (around neck)
 x - the ring of Temptation (right hand) {rC+ rN+ Int+6 Dex-2}
   (You took it off a deep elf death mage on level 3 of the Elven Halls)

   [ring of positive energy]

   Int+6:     It affects your intelligence (+6).
   Dex-2:     It affects your dexterity (-2).
   rC+:       It protects you from cold.
   rN+:       It protects you from negative energy.
 y - a +5 ring of evasion (left hand)
 P - a ring of see invisible
 S - a ring of willpower
Wands
 h - a wand of polymorph (38)
 p - a wand of flame (149)
 z - a wand of mindburst (31)
 I - a wand of quicksilver (34)
 J - a wand of roots (76)
 K - a wand of paralysis (49)
 M - a wand of digging (9)
Scrolls
 e - a scroll of enchant armour
 g - a scroll of teleportation
 i - a scroll of amnesia
 k - 7 scrolls of poison
 l - 2 scrolls of fog
 m - a scroll of vulnerability
 r - 3 scrolls of fear
 s - 2 scrolls of immolation
 C - a scroll of enchant weapon
 G - a scroll of summoning
 Q - 3 scrolls of silence
 W - a scroll of blinking
 Z - a scroll of brand weapon
Potions
 c - 6 potions of attraction
 d - 6 potions of might
 f - 10 potions of lignification
 j - 4 potions of magic
 n - 5 potions of berserk rage
 o - a potion of mutation
 w - 2 potions of resistance
 F - 4 potions of ambrosia
 H - 7 potions of brilliance
 L - 4 potions of invisibility
 N - 7 potions of enlightenment
 R - 6 potions of haste
 T - 2 potions of cancellation
 X - 7 potions of curing


   Skills:
 O Level 27 Fighting
 - Level 3.1 Maces & Flails
 - Level 21.0 Ranged Weapons
 - Level 10.4 Armour
 + Level 17.4 Dodging
 - Level 10.7 Stealth
 - Level 4.3 Shields
 - Level 12.2 Spellcasting
 - Level 9.5 Summonings
 - Level 9.7 Translocations
 - Level 5.6 Transmutations
 - Level 4.8 Air Magic
 - Level 16.5 Invocations
 - Level 2.7 Shapeshifting


You had 22 spell levels left.
You knew the following spells:

 Your Spells              Type           Power      Damage    Failure   Level
a - Swiftness             Air            38%        N/A       1%          3
b - Wereblood             Tmut           42%        N/A       1%          2
c - Teleport Other        Tloc           57%        N/A       1%          3
d - Apportation           Tloc           100%       N/A       1%          1
e - Blink                 Tloc           100%       N/A       1%          2
f - Dispersal             Tloc           28%        N/A       12%         6
g - Summon Lightning Spi  Summ/Air       49%        N/A       2%          4
h - Ozocubu's Armour      Ice            14%        N/A       13%         3
i - Call Canine Familiar  Summ           57%        N/A       1%          3

Your spell library contained the following spells:

 Spells                   Type           Power      Damage    Failure   Level
 Sting                    Tmut/Pois      100%       1d8       1%          1
 Summon Small Mammal      Summ           100%       N/A       1%          1
 Lesser Beckoning         Tloc           100%       N/A       1%          2
 Momentum Strike          Conj/Tloc      76%        3d10      1%          2
 Passwall                 Tmut/Erth      23%        N/A       1%          2
 Gell's Gravitas          Tloc           57%        N/A       1%          3
 Portal Projectile        Hex/Tloc       76%        N/A       1%          3
 Summon Guardian Golem    Hex/Summ       37%        N/A       1%          3
 Volatile Blastmotes      Fire/Tloc      76%        2d16      1%          3
 Manifold Assault         Tloc           57%        N/A       1%          4
 Poisonous Vapours        Pois/Air       52%        N/A       2%          2
 Static Discharge         Conj/Air       52%        2-5/arc   2%          2
 Summon Forest            Summ/Tloc      28%        N/A       2%          5
 Foxfire                  Conj/Fire      56%        2x1d6     4%          1
 Freeze                   Ice            56%        1d7       4%          1
 Magic Dart               Conj           56%        1d5       4%          1
 Slow                     Hex            56%        N/A       4%          1
 Iskenderun's Mystic Bla  Conj/Tloc      38%        2d9       5%          4
 Ensorcelled Hibernation  Hex/Ice        28%        N/A       6%          2
 Scorch                   Fire           28%        2d6       6%          2
 Searing Ray              Conj           28%        2d5       6%          2
 Ignite Poison            Fire/Tmut/Pois 23%        N/A       6%          3
 Summon Ice Beast         Ice/Summ       37%        N/A       6%          4
 Confusing Touch          Hex            14%        N/A       13%         3
 Frozen Ramparts          Ice            28%        1d5       13%         3
 Hailstorm                Conj/Ice       14%        3d5       13%         3
 Inner Flame              Hex/Fire       14%        N/A       13%         3
 Tukima's Dance           Hex            14%        N/A       13%         3
 Vampiric Draining        Necr           14%        2d7       13%         3
 Summon Cactus Giant      Summ           28%        N/A       13%         6
 Summon Mana Viper        Hex/Summ       37%        N/A       16%         5
 Alistair's Intoxication  Tmut/Pois      18%        N/A       36%         5
 Irradiate                Conj/Tmut      14%        3d16      36%         5
 Animate Dead             Necr           14%        N/A       38%         4
 Dispel Undead            Necr           14%        3d10      38%         4
 Flame Wave               Conj/Fire      14%        2d6       38%         4
 Fulminant Prism          Conj/Hex       7%         3d6       38%         4
 Leda's Liquefaction      Hex/Erth       7%         N/A       38%         4
 Olgreb's Toxic Radiance  Pois           14%        N/A       38%         4
 Sticky Flame             Conj/Fire      14%        2d4       38%         4
 Freezing Cloud           Conj/Ice/Air   11%        6-21      52%         5
 Monstrous Menagerie      Summ           28%        N/A       56%         7
 Summon Hydra             Summ           28%        N/A       56%         7
 Borgnjor's Vile Clutch   Necr/Erth      7%         N/A       75%         5
 Iskenderun's Battlesphe  Conj           14%        2d7       75%         5
 Lee's Rapid Deconstruct  Erth           7%         3d6*      75%         5
 Eringya's Noxious Bog    Tmut/Pois      14%        4d6       90%         6
 Conjure Ball Lightning   Conj/Air       13%        3x3d6     94%         6
 Spellforged Servitor     Conj/Summ      18%        N/A       99%         7
 Disjunction              Tloc           28%        N/A       99%         8
 Summon Horrible Things   Summ           28%        N/A       99%         8
 Death Channel            Necr           7%         N/A       100%        6
 Leda's Unmaking          Conj/Erth      7%         9d2       100%        6
 Ozocubu's Refrigeration  Ice            7%         4d9       100%        7
 Discord                  Hex            7%         N/A       100%        8
 Cigotuvi's Dreadful Rot  Necr/Pois/Air  Unusable   N/A       N/A         2
 Sublimation of Blood     Necr           Unusable   N/A       N/A         2

Dungeon Overview and Level Annotations

Branches:
Dungeon (15/15)            Temple (1/1) D:7            Lair (5/5) D:8
  Swamp (4/4) Lair:3       Spider (4/4) Lair:2        Slime (5/5) Lair:4
    Orc (2/2) D:12            Elf (3/3) Orc:2        Vaults (4/5) D:13
  Crypt (3/3) Vaults:3       Tomb (1/3) Crypt:3      Depths (4/4) D:15
    Zot (5/5) Depths:4

Altars:
Ashenzari
Cheibriados
Dithmenos
Elyvilon
Fedhas
Gozag
Hepliaklqana
Kikubaaqudgha
Makhleb
Nemelex Xobeh
Okawaru
Qazlal
Ru
Sif Muna
Trog
Uskayaw
Vehumet
Wu Jian
Xom
Yredelemnul
Zin
The Shining One
Jiyva
Lugonu

Shops:
D:4 *:   D:6 =   D:12 (   Orc:2 =(*[   Elf:1 *   Vaults:1 *[   Vaults:2 *
Depths:1 *

Portals:
Hell: Depths:1 Depths:2 Depths:3 Depths:4
Abyss: Lair:1 Lair:5 Depths:1 Depths:3 Depths:4
Pandemonium: Depths:2
Ziggurat: Depths:1
Trove: D:13 (give 3 scrolls of blinking)

Annotations:
Slime:5 Royal Jelly
Orc:2 exclusion: upstairs
Elf:3 exclusion: 2 doors
Depths:3 exclusion: downstairs


Innate Abilities, Weirdness & Mutations

Your life essence is reduced to manifest your ancestor. (-10% HP)
You are immune to sickness and miasma.
Your stone body is resilient. (AC +20)
You are immune to poison.
Your large and strong wings let you fly.
You resist negative energy. (rN+)
You are resistant to electric shocks. (rElec)
You are resistant to unholy torment.
You are immune to petrification.
You have an increased reservoir of magic. (+10% MP)
You do not regenerate when monsters are visible.
Potions are less effective at restoring your health.
You expend magic power (3 MP) to strengthen your wands.


Message History

The Orb Guardian hits something!
The Orb Guardian completely misses the Orb Guardian.
The Orb Guardian hits you.
* * * LOW HITPOINT WARNING * * *
A Killer Klown comes into view. It is wielding a +10 heavy club.
Okay, then.
Okay, then.
Okay, then.
As you read the scroll of teleportation, it crumbles to dust.
You feel strangely unstable.
You feel the Orb delaying your translocation!
The Killer Klown shouts!
The Orb Guardian hits the Orb Guardian.
The Orb Guardian barely misses the Orb Guardian.
You howl as the wereblood boils in your veins!
The Orb Guardian seems less confused. x2
Your system partially rejects the healing.
You feel better. The Orb Guardian misses you.
You fade into invisibility!
Okay, then.
You feel more buoyant.
You feel protected.
The orb of fire emits a lurid red light.
The bolt of fire hits you! You resist.
* * * LOW HITPOINT WARNING * * *
Your system partially rejects the healing.
You feel better.
Your system partially rejects the healing.
You feel better.
The orb of fire glows yellow.
The fireball explodes!
The fireball engulfs you!! You resist.
* * * LOW HITPOINT WARNING * * *
The fireball engulfs the orb of fire.
The orb of fire completely resists.
You hear a shout!
Your system partially rejects the healing.
You feel better.
You howl as the wereblood boils in your veins!
The orb of fire glows deep purple.
The fireball explodes!
The fireball engulfs you!! You resist.
You die... ##...<......X# ###.......# ###p..### #pXX# #XpX#

##XX#
#XX#
##*#
#@#
###


You could see an orb of fire, 2 Killer Klowns and 8 Orb Guardians.

Vanquished Creatures
  Mennas (Depths:4)
  Josephina (Zot:4)
  Margery (Vaults:4)
  Frederick (Crypt:1)
  Saint Roka (Vaults:1)
  A golden dragon (Zot:1)
  A profane servitor (Abyss:3)
  A bone dragon (Depths:4)
  A shard shrike zombie (Crypt:3)
  2 Orb Guardians (Zot:5)
  6 tentacled monstrosities
  Zenata (Elf:3)
  2 liches
  A titan (Zot:1)
  3 deep elf blademasters
  A deep elf master archer (Elf:3)
  7 sphinxes
  20 acid blobs
  Frances (Elf:1)
  3 death cobs
  2 thorn hunters (Swamp:3)
  7 tentacled starspawn
  2 ancient champions
  Kirke (D:14)
  2 storm dragons
  Donald (Swamp:3)
  4 revenants
  4 draconian monks
  16 azure jellies
  A shadow dragon (Zot:1)
  3 draconian knights
  8 frost giants
  6 emperor scorpions
  10 fire giants
  9 rockslimes
  5 deep elf sorcerers (Elf:3)
  5 vault wardens
  A ghost moth (Spider:4)
  Louise (Swamp:3)
  7 ghouls
  2 deep elf elementalists (Elf:3)
  2 draconian annihilators
  A caustic shrike zombie (Crypt:3)
  2 curse skulls (Crypt:1)
  A reaper (Crypt:1)
  13 quicksilver oozes
  2 orc warlords
  4 draconian shifters
  10 stone giants
  3 war gargoyles
  2 broodmothers (Spider:4)
  A spriggan defender (Depths:3)
  5 ironbound thunderhulks
  11 very ugly things
  4 formless jellyfish
  11 ironbound preservers
  4 dire elephants (Vaults:4)
  A green draconian (Zot:2)
  6 white draconians
  6 eleionomae
  2 black draconians
  6 vampire knights
  7 purple draconians
  Azrael (D:14)
  2 deep elf demonologists (Elf:3)
  4 bunyips
  2 yellow draconians
  5 red draconians
  The ghost of MisterAzrael the Peltast, a journeyman FoFi of Lugonu (Orc:2)
  2 deep elf annihilators (Elf:3)
  3 spark wasps
  6 deep elf death magi
  6 jiangshi
  4 eidola (Crypt:3)
  9 ettins
  13 great orbs of eyes
  3 entropy weavers
  9 fire dragons
  The ghost of AiryTheDragon the Magician, a journeyman DsFE (Lair:1)
  A fenstrider witch zombie (Crypt:2)
  5 yaktaur captains
  2 deep elf high priests
  2 spriggan zombies
  4 rakshasas
  A shambling mangrove (Swamp:3)
  An ogre mage (D:15)
  3 ice dragons
  9 vault guards
  A ghost crab (Swamp:2)
  16 hydras
  3 spriggan air magi
  A peacekeeper (Vaults:4)
  A radroach (Spider:4)
  7 ironbound frosthearts
  3 jorogumos
  4 death knights
  9 centaur warriors
  Erica (Lair:1)
  9 alligators
  21 dancing weapons
  6 deep troll shamans
  7 tengu warriors
  5 boulder beetles
  11 death scarabs (Tomb:1)
  3 demonic crawlers
  5 deep troll earth magi
  11 two-headed ogres
  A quicksilver ooze zombie (Crypt:1)
  Urug (Orc:1)
  6 spriggan berserkers
  2 orc high priests (Orc:2)
  11 hell knights
  An Orb Guardian skeleton (Crypt:1)
  3 thrashing horrors
  A titan zombie (Crypt:3)
  6 vampire magi
  9 spriggans
  Sonja (Orc:1)
  A soul eater (Abyss:3)
  Nergalle (Orc:2)
  10 deep elf knights
  2 wretched stars (Abyss:3)
  A fire crab (Lair:4)
  A shadow wraith (Vaults:3)
  6 goliath frogs
  9 iron trolls
  26 skeletal warriors
  8 orb spiders
  4 pharaoh ants
  4 glowing orange brains
  54 deep trolls
  5 flayed ghosts
  A bunyip zombie (Crypt:1)
  A shadow demon (Abyss:3)
  A death drake (Abyss:3)
  10 bog bodies
  8 swamp dragons
  A deep elf archer (Elf:3)
  6 wizards
  8 ironbound convokers
  Pikel (D:8)
  17 phantasmal warriors
  8 steelbarb worms
  19 deep elf zephyrmancers
  3 necromancers
  13 lindwurms
  2 starcursed masses (Abyss:3)
  6 orc knights
  The ghost of Ofeo the Sneak, a novice KoEE of Ashenzari (D:7)
  22 ugly things
  5 orc sorcerers
  2 worldbinders
  4 shining eyes
  18 wolf spiders
  2 will-o-the-wisps
  A stone giant zombie (Crypt:3)
  A salamander (shapeshifter) (D:14)
  5 cyclopes
  3 manticores
  24 deep elf pyromancers
  14 moths of wrath
  A black mamba (Lair:4)
  14 elephants
  8 vault sentinels
  Jeremiah (D:6)
  2 torpor snails
  4 eyes of devastation
  A naga mage (D:15)
  A cane toad (shapeshifter) (Lair:5)
  2 orange demons (Abyss:3)
  6 smoke demons
  A water nymph (shapeshifter) (Depths:2)
  8 cane toads
  A black draconian zombie (Crypt:1)
  5 efreet (Zot:1)
  A kobold demonologist (D:13)
  22 yaktaurs
  An unseen horror (D:10)
  10 freezing wraiths
  4 komodo dragons
  3 tengu conjurers
  5 guardian mummies
  7 rime drakes
  6 ancient zymes
  A green draconian skeleton (Crypt:1)
  A hydra zombie (Crypt:3)
  A grey draconian skeleton (Crypt:1)
  5 meliai
  5 polar bears
  7 trolls
  27 tarantellas
  12 hornets
  31 blink frogs
  16 raiju
  5 tyrant leeches
  13 dream sheep (Lair:3)
  24 culicivoras
  27 jumping spiders
  14 flying skulls
  67 slime creatures
  A centaur simulacrum (D:15)
  A shadow (D:13)
  2 ynoxinuls
  3 air elementals
  2 vampires
  3 water elementals
  31 yaks
  2 hogs (D:14)
  10 wraiths
  2 basilisks
  5 large abominations
  Eustachio (D:6)
  3 fire bats (Abyss:3)
  5 wyverns
  A neqoxec (Abyss:3)
  5 golden eyes (Slime:5)
  4 chaos spawn
  7 vampire mosquitoes
  6 fire elementals
  39 redbacks
  A spatial vortex (Abyss:3)
  5 wargs
  A white draconian simulacrum (Zot:4)
  A water nymph zombie (Crypt:1)
  3 acid dragons
  13 swamp worms
  A naga zombie (Crypt:2)
  15 water moccasins
  Duvessa (D:7)
  5 hell hounds (D:14)
  A floating eye (Depths:3)
  33 orc warriors
  A meliai simulacrum (D:15)
  6 swamp drakes (Swamp:4)
  3 black bears
  4 ice beasts
  10 ogres
  A manticore zombie (Crypt:2)
  25 wolves
  5 centaurs
  14 small abominations
  A phantom (Crypt:3)
  3 lemures (D:8)
  4 kobold brigands
  A yaktaur zombie (Crypt:1)
  11 bullfrogs
  4 scorpions
  3 earth elementals
  8 necrophages
  5 wyvern skeletons (Crypt:3)
  11 killer bees
  Dowan (D:7)
  6 electric eels
  5 howler monkeys
  4 hounds
  12 jellies
  20 orc priests
  3 gnoll boudas
  4 iguanas
  3 sleepcaps
  Crazy Yiuf (D:6)
  A boggart zombie (Crypt:2)
  28 orc wizards
  10 hell rats (Lair:2)
  2 ogre skeletons
  A hound skeleton (Crypt:2)
  5 mummies (Tomb:1)
  14 gnolls
  5 adders
  3 white imps
  An ufetubus (D:6)
  5 worms
  2 dart slugs (D:2)
  74 orcs
  12 bats
  17 endoplasms
  5 giant cockroaches (D:1)
  8 goblins
  6 hobgoblins
  3 quokkas
  6 ball pythons
  3 frilled lizards
  30 kobolds
  8 rats
  A river rat skeleton (Crypt:1)
  2 spectral weapons (Depths:3)
  3 starspawn tentacles
1878 creatures vanquished.

Vanquished Creatures (collateral kills)
  An ancient lich (Zot:4)
  Vv (Depths:4)
  the Lernaean hydra (Swamp:4)
  A caustic shrike (Depths:2)
  A profane servitor (Crypt:3)
  An iron giant (Zot:4)
  2 bone dragons
  2 liches
  2 titans
  A deep elf master archer (Elf:3)
  4 sphinxes
  A quicksilver dragon (Zot:1)
  8 acid blobs
  2 tentacled starspawn
  2 ancient champions (Crypt:2)
  3 storm dragons (Depths:4)
  5 azure jellies
  A deep elf sorcerer (Elf:3)
  A draconian knight (Zot:2)
  A revenant (Crypt:1)
  5 rockslimes
  4 frost giants
  A draconian monk (Zot:3)
  4 vault wardens
  A ghost moth (Spider:4)
  4 fire giants (Zot:1)
  3 emperor scorpions
  A caustic shrike zombie (Crypt:3)
  A juggernaut zombie (Crypt:3)
  A draconian scorcher (Zot:1)
  The ghost of ragingrage the Gelid, a journeyman MfWn of Gozag (Orc:2)
  The ghost of cforsyth the Prestidigitator, a journeyman GnAr of Hepliaklqana (Orc:2)
  A cacodemon (Abyss:4)
  3 draconian annihilators
  A ghoul (Crypt:3)
  A draconian shifter (Zot:1)
  4 ironbound preservers
  2 orc warlords (Vaults:1)
  A broodmother (Spider:2)
  7 quicksilver oozes
  3 stone giants
  2 war gargoyles (Vaults:4)
  4 very ugly things
  A vampire knight (Crypt:2)
  3 black draconians (Zot:1)
  A deep elf demonologist (Elf:3)
  A deep elf annihilator (Elf:3)
  3 yellow draconians
  2 spark wasps (Depths:2)
  3 eleionomae
  5 dire elephants (Vaults:4)
  A red draconian (Depths:4)
  A purple draconian (Zot:1)
  A deep elf death mage (Crypt:1)
  An ettin (Depths:2)
  4 eidola
  A green death (Abyss:3)
  2 mummy priests
  A shambling mangrove (Swamp:4)
  2 great orbs of eyes
  A fire dragon (Depths:4)
  A jiangshi (Crypt:1)
  A deep elf high priest (Elf:3)
  An entropy weaver (Spider:4)
  A spriggan zombie (Crypt:3)
  2 vault guards
  2 yaktaur captains
  5 hydras
  2 rakshasas (Depths:2)
  A peacekeeper (Vaults:4)
  An ice dragon (Depths:2)
  A jorogumo (Spider:2)
  3 two-headed ogres
  2 ironbound frosthearts (Vaults:3)
  6 spriggan air magi
  4 centaur warriors
  A boulder beetle (Spider:4)
  2 spriggan skeletons (Crypt:2)
  8 dancing weapons
  3 death scarabs (Tomb:1)
  4 deep troll shamans
  A death knight (Crypt:3)
  2 tengu warriors
  A vampire mage (Crypt:1)
  5 deep troll earth magi
  2 hell knights
  2 demonic crawlers
  5 spriggan berserkers
  2 orc high priests (Orc:2)
  2 thrashing horrors (Abyss:4)
  2 pharaoh ants
  A sixfirhy (Abyss:4)
  A skyshark (shapeshifter) (Depths:3)
  2 deep elf knights
  A flayed ghost (Crypt:3)
  2 glowing orange brains
  2 iron trolls (Depths:1)
  7 skeletal warriors
  A goliath frog (Swamp:1)
  19 deep trolls
  A spatial maelstrom (Abyss:3)
  An orb spider (Spider:2)
  2 swamp dragons (Swamp:4)
  4 bog bodies
  An anaconda zombie (Crypt:3)
  2 large abominations (Abyss:4)
  2 lindwurms
  2 orc knights (Vaults:1)
  8 deep elf pyromancers
  5 ironbound convokers
  2 deep elf archers (Elf:3)
  4 phantasmal warriors (Crypt:3)
  5 ugly things
  A wolf spider zombie (D:15)
  2 shining eyes
  4 deep elf zephyrmancers
  An iron dragon zombie (Crypt:3)
  An orc sorcerer (Orc:2)
  6 wolf spiders
  An iron dragon skeleton (Crypt:1)
  A worldbinder (Abyss:3)
  5 moths of wrath
  A jorogumo skeleton (Crypt:1)
  2 naga zombies
  5 vault sentinels
  A cane toad (Lair:1)
  2 smoke demons (Abyss:3)
  A centaur skeleton (Tomb:1)
  2 dire elephant zombies (Crypt:3)
  4 torpor snails
  An orb spider zombie (Crypt:2)
  3 freezing wraiths
  A tengu conjurer (Depths:2)
  A yaktaur (Vaults:3)
  A guardian mummy (Tomb:1)
  A tormentor (Abyss:3)
  A queen bee (Spider:1)
  A meliai (Spider:1)
  4 trolls (Zot:1)
  A polar bear (Lair:2)
  A tyrant leech (Swamp:1)
  14 hornets
  A hellwing (Abyss:3)
  9 tarantellas
  A hydra skeleton (Crypt:1)
  3 raiju (Abyss:3)
  An ettin zombie (Crypt:3)
  3 blink frogs
  A jumping spider (shapeshifter) (Elf:3)
  8 culicivoras
  39 slime creatures
  2 wraiths
  A black mamba zombie (Crypt:3)
  5 jumping spiders
  6 flying skulls
  2 spriggans
  2 air elementals
  2 ushabtiu
  A ynoxinul (Lair:1)
  2 yaks (Lair:3)
  A starcursed mass (Abyss:3)
  2 fire elementals
  2 golden eyes (Slime:5)
  A basilisk (Lair:5)
  17 redbacks
  A chaos spawn (Abyss:3)
  2 swamp worms (Swamp:1)
  A naga skeleton (Tomb:1)
  A moth of wrath simulacrum (Zot:4)
  5 orc warriors
  A swamp drake (Swamp:4)
  3 ogres
  6 wolves
  6 small abominations
  A centaur (D:14)
  A phantom (Crypt:3)
  A kobold brigand (D:13)
  6 necrophages (Crypt:3)
  2 earth elementals
  A wyvern skeleton (Crypt:3)
  9 killer bees
  6 orc priests (Orc:2)
  4 orc wizards
  A hell rat (Lair:2)
  5 mummies
  14 orcs
  3 endoplasms (Lair:2)
  A gnoll zombie (Crypt:2)
  A goblin (D:14)
  A kobold (D:13)
  3 butterflies
549 creatures vanquished.

Vanquished Creatures (others)
  3 stone giants
  2 yaktaur captains
  A centaur warrior (D:14)
  A deep elf knight (Elf:3)
  A moth of wrath (Zot:1)
  A vault sentinel (Vaults:2)
  A storm dragon simulacrum (Zot:4)
  2 yaktaurs (Vaults:2)
  A bloated husk (Swamp:4)
  A tyrant leech (Swamp:4)
  A fire bat (Abyss:3)
  A basilisk (D:14)
  A swamp worm (Swamp:4)
  A moth of wrath simulacrum (Zot:4)
  55 knights
  An ancestor (Lair:1)
  An orc priest (Orc:1)
  13 foxfires
  19 starspawn tentacles
107 creatures vanquished.

Grand Total: 2534 creatures vanquished

Notes
Turn   | Place    | Note
-------+----------+-------------------------------------------
     0 | D:1      | osuadh the Gargoyle Fighter began the quest for the Orb.
     0 | D:1      | Reached XP level 1. HP: 14/14 MP: 1/1
   137 | D:1      | Reached XP level 2. HP: 16/19 MP: 2/2
   470 | D:1      | Reached XP level 3. HP: 23/23 MP: 3/3
  1019 | D:2      | You fall into a shaft and drop 2 floors!
  1211 | D:3      | Identified the +8 orcbow of Demonkind {elec, rCorr}
  1516 | D:2      | Reached XP level 4. HP: 22/28 MP: 4/4
  1666 | D:2      | Reached skill level 1 in Ranged Weapons
  2611 | D:4      | Reached XP level 5. HP: 26/32 MP: 5/5
  2833 | D:4      | Found Zuozxeul's Armour Emporium.
  3020 | D:4      | Found Weckuo Jiase's General Store.
  3046 | D:4      | Found Qaclushu's Book Shop.
  3412 | D:5      | Entered Level 5 of the Dungeon
  3430 | D:5      | Reached XP level 6. HP: 34/37 MP: 6/6
  3769 | D:5      | Reached skill level 5 in Ranged Weapons
  4204 | D:5      | Found a shimmering altar of Xom.
  4214 | D:5      | Reached XP level 7. HP: 24/41 MP: 5/7
  5219 | D:6      | Found a runed translucent door.
  5220 | D:6      | Noticed Crazy Yiuf
  5262 | D:6      | Reached XP level 8. HP: 40/46 MP: 6/8
  5302 | D:6      | Found Tegota's Jewellery Shoppe.
  5352 | D:6      | Found a white marble altar of Elyvilon.
  5448 | D:6      | Noticed Eustachio
  5466 | D:6      | Killed Eustachio
  5509 | D:6      | Found a stormy altar of Qazlal.
  5554 | D:6      | Noticed Jeremiah
  6001 | D:7      | Found a runed translucent gate.
  6002 | D:7      | Found a runed translucent gate.
  6002 | D:7      | Found an opulent altar of Gozag.
  6003 | D:7      | Found a runed translucent gate.
  6034 | D:7      | Reached skill level 10 in Ranged Weapons
  6054 | D:7      | Noticed a manticore
  6055 | D:7      | Noticed a two-headed ogre
  6055 | D:7      | Noticed Ofeo's ghost (novice KoEE)
  6130 | D:7      | Noticed Dowan
  6131 | D:7      | Noticed Duvessa
  6132 | D:7      | Killed Dowan
  6133 | D:7      | Reached XP level 9. HP: 51/51 MP: 9/9
  6168 | D:7      | Killed Duvessa
  6580 | D:7      | Found a staircase to the Ecumenical Temple.
  6839 | Temple   | Entered the Ecumenical Temple
  7264 | D:8      | Reached skill level 1 in Shapeshifting
  7332 | D:8      | Found a shadowy altar of Dithmenos.
  7477 | D:8      | Noticed Pikel
  7492 | D:8      | Killed Pikel
  7532 | D:8      | Found a staircase to the Lair.
  7582 | D:8      | Noticed a boulder beetle
  7597 | D:8      | Reached XP level 10. HP: 56/56 MP: 10/10
  7606 | D:8      | Killed a boulder beetle
  8273 | D:9      | Found a basalt altar of Yredelemnul.
  8294 | D:9      | Found a sacrificial altar of Ru.
  8630 | D:9      | Found a radiant altar of Vehumet.
  8836 | D:10     | Entered Level 10 of the Dungeon
  9288 | D:10     | Reached skill level 15 in Ranged Weapons
  9334 | D:10     | Killed an unseen horror
  9335 | D:10     | Reached XP level 11. HP: 37/60 MP: 7/11
  9803 | Lair:1   | Entered Level 1 of the Lair of Beasts
  9864 | Lair:1   | Noticed a seven-headed hydra
  9949 | D:11     | Noticed a two-headed ogre
  9949 | D:11     | Noticed a cyclops
 10169 | D:11     | Killed a cyclops
 10187 | D:11     | Killed a two-headed ogre
 10188 | D:11     | Reached skill level 4 in Fighting
 10201 | D:11     | Reached skill level 5 in Fighting
 10435 | D:11     | Noticed a two-headed ogre
 10449 | D:11     | Killed a two-headed ogre
 10450 | D:11     | Reached skill level 6 in Fighting
 10637 | D:6      | Killed Crazy Yiuf
 10695 | D:6      | Found a sparkling altar of Nemelex Xobeh.
 10695 | D:6      | Found a burning altar of Makhleb.
 10873 | D:6      | Killed Jeremiah
 10912 | D:6      | Found a hazy altar of Hepliaklqana.
 11046 | D:6      | Became a worshipper of Hepliaklqana the Forgotten
 11317 | D:11     | Reached skill level 7 in Fighting
 11348 | D:11     | Noticed a manticore
 11351 | D:11     | Killed a manticore
 11544 | D:12     | Noticed a two-headed ogre
 11655 | D:12     | Reached skill level 8 in Fighting
 11748 | D:12     | Killed a two-headed ogre
 11749 | D:12     | Reached skill level 9 in Fighting
 11878 | D:12     | Found Enetefot's Weapon Shop.
 11925 | D:12     | Noticed a centaur warrior
 11934 | D:12     | Killed a centaur warrior
 11935 | D:12     | Reached XP level 12. HP: 58/77 MP: 9/12
 11960 | D:12     | Noticed a death knight
 12184 | D:12     | Found a staircase to the Orcish Mines.
 12382 | D:12     | Reached skill level 10 in Fighting
 12741 | Lair:1   | Killed a seven-headed hydra
 12821 | Lair:1   | Reached * piety under Hepliaklqana
 12850 | Lair:1   | Reached skill level 11 in Fighting
 12897 | Lair:1   | Reached skill level 1 in Dodging
 12926 | Lair:1   | Noticed AiryTheDragon's ghost (journeyman DsFE)
 13207 | Lair:1   | Reached skill level 12 in Fighting
 13258 | Lair:1   | Noticed a boulder beetle
 13276 | Lair:1   | Killed a boulder beetle
 13363 | Lair:1   | Found a transporter.
 13379 | Lair:1   | Found a transporter.
 13387 | Lair:1   | Noticed a great orb of eyes
 13632 | Lair:1   | Noticed Erica
 13644 | Lair:1   | Killed Erica
 13862 | Lair:1   | Found a one-way gate to the infinite horrors of the Abyss.
 13862 | Lair:1   | Reached ** piety under Hepliaklqana
 13870 | Lair:1   | Remembered your ancestor Jimmy as a knight
 13956 | Lair:2   | Noticed a seven-headed hydra
 13962 | Lair:2   | Reached XP level 13. HP: 78/78 MP: 13/13
 13963 | Lair:2   | Reached skill level 13 in Fighting
 13968 | Lair:2   | Reached skill level 5 in Dodging
 14295 | Lair:2   | Found a hole to the Spider Nest.
 14560 | Lair:2   | Reached skill level 14 in Fighting
 14948 | Lair:3   | Identified the +2 robe of Noughts and Crosses {rF+ rCorr
                  | Slay+3}
 15394 | Lair:3   | Reached skill level 15 in Fighting
 15463 | Lair:3   | Found a staircase to the Swamp.
 15528 | Lair:3   | Reached *** piety under Hepliaklqana
 15726 | Lair:3   | Gained mutation: Your large and strong wings let you fly.
                  | [Gargoyle growth]
 15726 | Lair:3   | Reached XP level 14. HP: 78/88 MP: 12/14
 15853 | Lair:4   | Found a transporter.
 15935 | Lair:4   | Found a transporter.
 16022 | Lair:4   | You are sucked into a shaft and drop 1 floor!
 16022 | Lair:5   | Entered Level 5 of the Lair of Beasts
 16286 | Lair:4   | Reached **** piety under Hepliaklqana
 16288 | Lair:4   | Found the +3 pair of mountain boots {steadfast, rC+}
 16387 | Lair:4   | Found a viscous altar of Jiyva.
 16387 | Lair:4   | Found a staircase to the Slime Pits.
 17220 | Lair:5   | Reached skill level 16 in Fighting
 17286 | Lair:5   | Reached skill level 1 in Spellcasting
 17684 | Lair:5   | Found a corrupted altar of Lugonu.
 18234 | D:12     | Identified the +8 dagger "Qoynek" {spect, rF+}
 18555 | D:13     | Reached skill level 10 in Dodging
 18720 | D:13     | Reached skill level 5 in Spellcasting
 19035 | D:13     | Reached XP level 15. HP: 93/93 MP: 23/23
 19113 | D:13     | Found a gate to the Vaults.
 19668 | D:13     | Reached ***** piety under Hepliaklqana
 19748 | D:13     | Found a portal to a secret trove of treasure.
 19966 | D:14     | Noticed Kirke
 19979 | D:14     | Killed Kirke
 19999 | D:14     | Found an iron altar of Okawaru.
 20181 | D:14     | Noticed Azrael
 20199 | D:14     | Killed Azrael
 20285 | D:14     | Learned a level 3 spell: Swiftness
 20306 | D:14     | Found a white marble altar of Elyvilon.
 20426 | D:14     | Reached skill level 1 in Air Magic
 20529 | D:15     | Entered Level 15 of the Dungeon
 21035 | D:15     | Found a staircase to the Depths.
 21170 | D:15     | Found a sacrificial altar of Ru.
 21522 | D:14     | Learned a level 2 spell: Wereblood
 21608 | D:15     | Reached skill level 1 in Transmutations
 21931 | Orc:1    | Entered Level 1 of the Orcish Mines
 21994 | Orc:1    | Found a bloodstained altar of Trog.
 22139 | Orc:1    | Noticed Urug
 22148 | Orc:1    | Killed Urug
 22234 | Orc:2    | Entered Level 2 of the Orcish Mines
 22277 | Orc:2    | Found a staircase to the Elven Halls.
 22405 | Orc:2    | Found a runed translucent gate.
 22406 | Orc:2    | Found a runed translucent gate.
 22407 | Orc:2    | Found a runed translucent gate.
 22412 | Orc:2    | Noticed MisterAzrael's ghost (journeyman FoFi)
 22412 | Orc:2    | Noticed cforsyth's ghost (journeyman GnAr)
 22412 | Orc:2    | Noticed ragingrage's ghost (journeyman MfWn)
 22839 | Orc:2    | Noticed an orc warlord
 22852 | Orc:2    | Killed an orc warlord
 22920 | Orc:2    | Reached skill level 5 in Transmutations
 22972 | Orc:1    | Noticed Sonja
 22972 | Orc:1    | Noticed Nergalle
 22979 | Orc:2    | Killed Nergalle
 23213 | Orc:2    | Reached XP level 16. HP: 99/99 MP: 26/26
 23217 | Orc:2    | Learned a level 3 spell: Teleport Other
 23346 | Orc:2    | Found Kuash's General Store.
 23347 | Orc:2    | Found Cyarghie's Jewellery Shop.
 23349 | Orc:2    | Found Umen Nae's Antique Armour Boutique.
 23349 | Orc:2    | Found Cuphogou's Antique Weapon Boutique.
 23354 | Orc:2    | Bought a potion of heal wounds for 70 gold pieces
 23354 | Orc:2    | Bought a scroll of identify for 28 gold pieces
 23354 | Orc:2    | Bought a potion of attraction for 42 gold pieces
 23486 | Orc:2    | Reached skill level 1 in Translocations
 23542 | Orc:2    | Killed ragingrage's ghost
 23801 | Orc:2    | Killed MisterAzrael's ghost
 23837 | Orc:2    | Killed cforsyth's ghost
 23855 | Orc:2    | Identified the +0 hat of Bad Feelings {*Slow Int+4 Dex+3}
 23894 | Elf:1    | Entered Level 1 of the Elven Halls
 24093 | Elf:1    | Reached skill level 5 in Translocations
 24128 | Elf:1    | Found Dociol's Assorted Antiques.
 24379 | Elf:1    | Paralysed by an air elemental for 1 turns
 24389 | Elf:1    | Noticed Frances
 24511 | Elf:1    | Paralysed by an air elemental for 1 turns
 24630 | Elf:1    | Killed Frances
 25255 | Elf:2    | Found a runed translucent gate.
 25255 | Elf:2    | Found a runed translucent gate.
 25255 | Elf:2    | Found a runed translucent gate.
 25343 | Elf:2    | Paralysed by an air elemental for 1 turns
 25349 | Elf:2    | Paralysed by an air elemental for 1 turns
 25709 | Elf:2    | Identified the +0 plate armour of Parlour Games {Int+3}
 25886 | Elf:3    | Entered Level 3 of the Elven Halls
 25893 | Elf:3    | Noticed Zenata
 26383 | Spider:1 | Entered Level 1 of the Spider Nest
 26806 | Spider:1 | Reached XP level 17. HP: 64/104 MP: 15/27
 27184 | Spider:1 | Reached ****** piety under Hepliaklqana
 27697 | Spider:2 | Reached skill level 17 in Fighting
 29662 | Spider:4 | Entered Level 4 of the Spider Nest
 29759 | Spider:4 | Reached skill level 18 in Fighting
 31150 | Slime:1  | Entered Level 1 of the Pits of Slime
 31150 | Slime:1  | Noticed an acid blob
 31156 | Slime:1  | Killed an acid blob
 31157 | Slime:1  | Reached XP level 18. HP: 80/113 MP: 18/28
 31312 | Slime:2  | Gained mutation: You have hidden genetic defects. [a
                  | shining eye]
 31314 | Slime:2  | Gained mutation: You do not regenerate when monsters are
                  | visible. [a shining eye]
 31561 | Swamp:1  | Entered Level 1 of the Swamp
 31618 | Swamp:1  | Learned a level 1 spell: Apportation
 32490 | Swamp:2  | Reached skill level 19 in Fighting
 32548 | Swamp:2  | Gained mutation: You sometimes lose your temper in combat.
                  | [hidden defects]
 33068 | Swamp:3  | Noticed Donald
 33084 | Swamp:3  | Killed Donald
 33119 | Swamp:3  | Noticed Louise
 33368 | Swamp:3  | Killed Louise
 33513 | Swamp:2  | Gained mutation: You are frail. (-10% HP) [hidden defects]
 33513 | Swamp:2  | Lost mutation: You have hidden genetic defects. [hidden
                  | defects expressed]
 33718 | D:12     | Lost mutation: You sometimes lose your temper in combat.
                  | [potion of mutation]
 33718 | D:12     | Lost mutation: You are frail. (-10% HP) [potion of
                  | mutation]
 33718 | D:12     | Gained mutation: You expend magic power (3 MP) to
                  | strengthen your wands. [potion of mutation]
 33718 | D:12     | Gained mutation: You have an increased reservoir of magic.
                  | (+10% MP) [potion of mutation]
 34291 | Swamp:4  | Entered Level 4 of the Swamp
 34584 | Depths:1 | Entered Level 1 of the Depths
 35583 | Spider:4 | Reached skill level 20 in Fighting
 36381 | Spider:4 | Got a gossamer rune of Zot
 36708 | Vaults:1 | Entered Level 1 of the Vaults
 36716 | Vaults:1 | Found a flickering gateway to a bazaar.
 36732 | Bazaar   | Entered a bazaar
 36734 | Bazaar   | Found Plog's Book Boutique.
 36738 | Bazaar   | Found Kuacw's Antique Weapon Boutique.
 36738 | Bazaar   | Found Jomu's Distillery.
 36738 | Bazaar   | Found Kintoskus's Antique Armour Boutique.
 36754 | Bazaar   | Bought a potion of haste for 90 gold pieces
 36769 | Bazaar   | Bought a pair of slimy boots for 228 gold pieces
 36769 | Bazaar   | Identified the +1 pair of boots "Kidont" {rElec} (You
                  | bought it in a shop in a bazaar)
 36777 | Bazaar   | Bought a potion of curing for 27 gold pieces
 36777 | Bazaar   | Bought a potion of curing for 27 gold pieces
 36804 | Bazaar   | Bought a potion of brilliance for 36 gold pieces
 36833 | Bazaar   | Bought an embroidered hat for 168 gold pieces
 36903 | Vaults:1 | Reached XP level 19. HP: 121/121 MP: 32/32
 37172 | Vaults:1 | Found Hyagaor's Armour Boutique.
 37186 | Vaults:1 | Reached skill level 15 in Dodging
 37298 | Vaults:1 | Noticed Saint Roka
 37723 | Vaults:1 | Found Foax's General Store.
 37741 | Vaults:1 | Bought a scroll of fog for 80 gold pieces
 38355 | Vaults:1 | Killed Saint Roka
 38460 | Vaults:1 | Reached skill level 21 in Fighting
 40280 | Vaults:2 | Reached skill level 1 in Invocations
 40441 | Vaults:2 | Identified the +2 pair of gloves of Teop {+Inv rPois rC-}
 40529 | Vaults:2 | Found Yloabb's Assorted Antiques.
 40540 | Vaults:2 | Reached XP level 20. HP: 129/129 MP: 33/33
 40566 | Vaults:2 | Bought a scroll labelled DUOBIQ PEAFE for 41 gold pieces
 40738 | Vaults:2 | Reached skill level 5 in Invocations
 41752 | Vaults:3 | Noticed an ancient lich
 42847 | Swamp:4  | Reached skill level 10 in Invocations
 42860 | Swamp:4  | Noticed the 27-headed Lernaean hydra
 42873 | Swamp:4  | Killed the 25-headed Lernaean hydra
 43107 | Swamp:4  | Got a decaying rune of Zot
 43528 | D:7      | Killed Ofeo's ghost
 43707 | Lair:1   | Killed AiryTheDragon's ghost
 44474 | Orc:1    | Found a burning altar of Makhleb.
 44475 | Orc:1    | Killed Sonja
 44907 | Elf:2    | Reached skill level 22 in Fighting
 45561 | Elf:3    | Reached XP level 21. HP: 136/136 MP: 34/34
 46209 | Elf:3    | Identified the +3 hand axe of Baithrok {speed, Fly rElec}
 46659 | Elf:3    | Reached skill level 23 in Fighting
 47683 | Depths:1 | Found a gateway to Hell.
 47691 | Depths:1 | Learned a level 2 spell: Blink
 47698 | Depths:1 | Learned a level 6 spell: Dispersal
 47875 | Depths:1 | Found a one-way gateway to a ziggurat.
 47963 | Depths:1 | Found Kaucit's Island Escapes.
 47971 | Depths:1 | Bought a scroll of blinking for 142 gold pieces
 47971 | Depths:1 | Bought a scroll of blinking for 142 gold pieces
 47971 | Depths:1 | Bought a scroll of teleportation for 57 gold pieces
 48556 | Depths:2 | Reached skill level 24 in Fighting
 50932 | Slime:1  | Reached skill level 25 in Fighting
 51115 | Slime:3  | Paralysed by a great orb of eyes for 5 turns
 51801 | Slime:3  | Reached XP level 22. HP: 130/147 MP: 33/35
 51916 | Slime:3  | Gained mutation: Potions are less effective at restoring
                  | your health. [a shining eye]
 52797 | Vaults:3 | Reached skill level 26 in Fighting
 54176 | Vaults:3 | Found a staircase to the Crypt.
 54278 | Crypt:1  | Entered Level 1 of the Crypt
 54568 | Crypt:1  | Noticed Frederick
 54585 | Crypt:1  | Killed Frederick
 55139 | Crypt:1  | Reached skill level 27 in Fighting
 55530 | Crypt:2  | Reached skill level 5 in Armour
 57600 | Crypt:3  | Entered Level 3 of the Crypt
 57704 | Crypt:3  | Reached skill level 10 in Armour
 57704 | Crypt:3  | Reached XP level 23. HP: 150/157 MP: 34/36
 58332 | Crypt:3  | Found a staircase to the Tomb.
 59191 | Crypt:3  | Found a basalt altar of Yredelemnul.
 59544 | Crypt:3  | Found the +2 Maxwell's thermic engine {flame, freeze, rev}
 59585 | Crypt:3  | Identified the +6 quarterstaff "Rimeny" {drain, rC+++ rN++
                  | Int-2 Stlth-}
 59667 | Crypt:3  | Reached skill level 1 in Stealth
 60118 | Tomb:1   | Entered Level 1 of the Tomb of the Ancients
 60294 | Tomb:1   | Reached skill level 5 in Stealth
 60727 | Tomb:1   | Noticed a royal mummy
 61455 | Vaults:4 | Reached skill level 10 in Stealth
 61628 | Vaults:4 | Identified the +0 robe "Dyol Ruh" {rCorr}
 61676 | Vaults:4 | Identified the +7 spear of Autumn {vamp, Str+4}
 62104 | Vaults:4 | Noticed Margery
 62124 | Vaults:4 | Killed Margery
 62125 | Vaults:4 | Reached XP level 24. HP: 103/162 MP: 27/38
 63628 | Depths:2 | Noticed a caustic shrike
 63636 | Depths:2 | Killed a caustic shrike
 63679 | Depths:2 | Got Ezecw's Grimoire of Movement and Bringing Forth
 63764 | Depths:2 | Found a one-way gate leading to the halls of Pandemonium.
 64978 | Depths:2 | Reached skill level 10 in Spellcasting
 65639 | Depths:3 | Found an opulent altar of Gozag.
 65858 | Depths:3 | Identified the ring "Dudyffeh" {Fire Int+3 Stlth+}
 66018 | Depths:4 | Entered Level 4 of the Depths
 66042 | Depths:4 | Reached skill level 15 in Invocations
 66657 | Depths:4 | Noticed Vv
 67345 | Slime:5  | Entered Level 5 of the Pits of Slime
 67688 | Slime:5  | Paralysed by a great orb of eyes for 2 turns
 67824 | Slime:5  | Found a viscous altar of Jiyva.
 67824 | Slime:5  | Noticed the Royal Jelly
 69760 | Slime:3  | Reached XP level 25. HP: 168/168 MP: 42/42
 71591 | Slime:5  | Learned a level 4 spell: Summon Lightning Spire
 72048 | Slime:5  | Learned a level 3 spell: Ozocubu's Armour
 72052 | Slime:5  | Learned a level 3 spell: Call Canine Familiar
 73328 | Elf:3    | Killed Zenata
 73329 | Elf:3    | Reached skill level 1 in Summonings
 73612 | Elf:3    | Identified the ring of Temptation {rC+ rN+ Int+6 Dex-2}
 73853 | Elf:3    | Identified the ring of Dioc {SInv Stlth+}
 73858 | Elf:3    | Identified the ring "Tanem" {rF- rN+ rCorr Dex+3 SInv}
 74152 | Elf:3    | Identified the +3 mace of Valour {flame, Stlth+}
 74267 | Elf:3    | Identified the +9 dagger "Xaceom" {flame, rC++ rN+ rCorr}
 74267 | Elf:3    | Identified the amulet of the Seeker {Spirit Fragile rN+
                  | Str+2 SInv}
 74269 | Abyss:2  | Cast into level 2 of the Abyss (a deep elf sorcerer)
 74296 | Abyss:2  | Found a corrupted altar of Lugonu.
 74349 | Abyss:3  | Found a stormy altar of Qazlal.
 74350 | Abyss:3  | Found a corrupted altar of Lugonu.
 74371 | Abyss:3  | Reached skill level 5 in Summonings
 74411 | Abyss:3  | Found a stormy altar of Qazlal.
 74412 | Abyss:3  | Found a corrupted altar of Lugonu.
 74415 | Abyss:3  | Found a corrupted altar of Lugonu.
 74420 | Abyss:3  | Found a stormy altar of Qazlal.
 74865 | Abyss:3  | Got an abyssal rune of Zot
 74930 | Abyss:4  | Found a corrupted altar of Lugonu.
 75165 | Elf:3    | Escaped the Abyss
 75294 | Elf:3    | Got Qapt's Secrets of the Prime Familiar
 75375 | Elf:3    | Got the Codex of Wounds and the Snake
 75381 | Elf:3    | Identified the +6 longbow of Dinaulagh {speed, rPois}
 75401 | Elf:3    | Identified the staff "Worm's Wrath" {rN+ Earth}
 76086 | Depths:4 | Found a gate to the Realm of Zot.
 76225 | Depths:4 | Noticed Mennas
 76277 | Depths:4 | Killed Mennas
 76477 | Depths:4 | Killed Vv
 76594 | Depths:4 | Reached XP level 26. HP: 157/173 MP: 42/43
 76657 | Depths:4 | Found a radiant altar of Vehumet.
 77062 | Zot:1    | Entered Level 1 of the Realm of Zot
 78993 | Zot:2    | Noticed an orb of fire
 79195 | Zot:2    | Identified the +5 ring mail "Duosyh" {Dex+3}
 79555 | Zot:4    | Identified the ring of Lugonu's Regard {Ice Drain Str+3
                  | Int+2}
 79555 | Zot:4    | Noticed Josephina
 79626 | Zot:4    | Killed Josephina
 79704 | Zot:3    | Noticed an ancient lich
 79704 | Zot:3    | Found a stormy altar of Qazlal.
 79709 | Zot:4    | Killed an ancient lich
 79837 | Zot:3    | Identified the +2 broad axe of Intimidation {venom, rF+
                  | rCorr}
 79875 | Zot:5    | Entered Level 5 of the Realm of Zot
 79933 | Zot:5    | Noticed a Killer Klown
 79937 | Zot:5    | Noticed an orb of fire
 79946 | Zot:5    | Noticed a Killer Klown
 79954 | Zot:5    | Killed from afar by an orb of fire

Illustrated notes

Levels and vault maps discovered:
D:1:      dpeg_arrival_prison, layout_basic, serial_bayou_pond_c
D:2:      layout_rooms, hangedman_decor_slide_cut, minmay_3d_cube
D:3:      layout_basic
D:4:      layout_cave_pods, serial_shops, shop, kennysheep_pointless_box,
          nrook_campfire, hangedman_abyss_or_decor_stabs,
          nicolae_wooded_promenade
D:5:      layout_cave_pods, lemuel_round_altar, minmay_liquid_box
D:6:      layout_loops_ring, mainiacjoe_overflow_paths, grunt_qazlal_sundering,
          gammafunk_temple_overflow_wave, mainiacjoe_overflow_alcove_4,
          serial_shops, shop_statue, uniq_eustachio, uniq_jeremiah,
          uniq_crazy_yiuf_cottage
D:7:      layout_layer_cave, minmay_temple_entry_poolview, ebering_ghost_gozag,
          uniq_duvessa
D:8:      layout_loops_ring, nicolae_dithmenos_shadow_blocks,
          erik_lair_orcish_takeover, chequers_serial_rivers_micro_e, uniq_pikel
D:9:      layout_loops_ring, overflow_temple_1_default,
          mainiacjoe_overflow_chevrons, kennysheep_mini, serial_bayou_lagoon_b
D:10:     layout_basic
D:11:     layout_long_grid
D:12:     layout_loops_ring, david_orc_1_choice, serial_shops, shop,
          minmay_radiant
D:13:     layout_roguey, erik_vaults_2, trove_entry_hex_spiral, pond
D:14:     layout_rooms, elyvilon_altar_5, okawaru_altar_gauntlet_db,
          uniq_azrael, uniq_kirke
D:15:     grunt_enter_depths_magical_seal, layout_basic, serial_curves,
          eino_curves_04, eino_curves_04, eino_curves_03, eino_curves_02,
          nicolae_ru_path_of_blood
Temple:   nicolae_temple_slightly_damp_pantheon
Lair:1:   layout_cave_pods, gammafunk_ghost_abyssal_escape, uniq_erica
Lair:2:   lemuel_slime, layout_loops_ring, hellmonk_spider_entry_life_and_decay,
          beast_lair_carwin_6, lemuel_fruit_fields
Lair:3:   layout_chaotic_city, palyth_hydra_swamp_entry, lemuel_fruit_fields
Lair:4:   gammafunk_cloud_chamber, layout_gridlike, slime_entry_1,
          chequers_serial_rivers_micro_e, minmay_lair_drake_nest
Lair:5:   hellmonk_lair_end_abyssal_woods, layout_regular_city, minivault_11
Swamp:1:  layout_falls_marsh, evilmike_swamp_ruin_rubble_1
Swamp:2:  layout_basic_swamp, evilmike_swamp_ruin_house_5, swamp_pool4
Swamp:3:  nicolae_swamp_wrong_neighborhood, layout_falls_marsh,
          nicolae_swamp_triple_paths, infiniplex_staircase_pool_2, uniq_louise,
          uniq_donald
Swamp:4:  grunt_swamp_rune_castle, layout_basic_swamp
Spider:1: layout_spider_delve, nicolae_looking_at_the_future
Spider:2: layout_spider_delve
Spider:3: layout_cave_pods
Spider:4: grunt_spider_rune_circles, nicolae_spider_shape
Slime:1:  layout_caves
Slime:2:  layout_caves
Slime:3:  layout_caves, nicolae_slime_round_cave
Slime:4:  layout_caves
Slime:5:  slime_pit_nicolae_block_by_block
Orc:1:    layout_caves, basic_altar, bloody_makhleb, uniq_sonja, uniq_urug,
          uniq_nergalle
Orc:2:    st_orc_congregation, layout_diamond_mine, gammafunk_ghost_cemetery
Elf:1:    nicolae_elf_arrival_fired_up, layout_geoelf_octagon, serial_shops,
          shop, minivault_28, minivault_23, uniq_frances
Elf:2:    elven_hall_of_blades_hangedman_original
          [nicolae_blade_entry_pointy_end], layout_onion_city,
          nicolae_elf_glass_and_crystal_pillar_2, st_stairs_3, drop_trap
Elf:3:    elf_hall_gauntlet_narrow, layout_gridlike, uniq_zenata
Vaults:1: vaults_mumra_lcd, nicolae_vaults_crenellated_ambush,
          vaults_room_mumra_shop_pool, nicolae_vaults_circle_grid_b, v_misc_8,
          hangedman_vaults_trim, nicolae_vaults_taking_the_gang_shopping,
          nicolae_vaults_tetromino_L_2, layout_vaults_omnigrid, serial_shops,
          bzr_entry_islet, uniq_saint_roka
Vaults:2: v_rooms_5, v_misc_5, vaults_dpeg_encased_lava,
          vaults_room_ringed_pool, vaults_room_door_hall,
          vaults_room_stairs_pillars, v_misc_15, hangedman_vaults_unwind,
          vaults_room_stairs_pillars, nicolae_vaults_mitosis, v_misc_5,
          layout_vaults_maze_snakey, serial_shops, nicolae_shop_dealshenge
Vaults:3: nicolae_vaults_three_branches, nicolae_vaults_offset_grid_hallway_4,
          nicolae_vaults_you_can_take_it_with_you, v_misc_31,
          minmay_crypt_entry_simple_box, nicolae_vaults_storage_closets_1,
          nicolae_vaults_closet_pinwheel_4, hangedman_vaults_trim,
          nicolae_vaults_layer_cake_slice, layout_vaults_chaotic_city
Vaults:4: nicolae_vaults_stairing_the_circle, ontoclasm_vaults_ring_small,
          v_pattern_1, ontoclasm_vaults_ring_small,
          nicolae_vaults_hallways_thing, nicolae_vaults_closet_pinwheel_3,
          vaults_standard_mumra_enter_the_diamond,
          ontoclasm_vaults_decontamination, nicolae_vaults_double_plus_1,
          nicolae_vaults_surprise_closet_hard, nicolae_vaults_diamond_1,
          nicolae_vaults_tetromino_Z_1, layout_vaults_omnibox, uniq_margery
Crypt:1:  layout_chaotic_city, grunt_crypt_arrival_webbed, grunt_megastairs_2,
          uniq_frederick
Crypt:2:  layout_rooms
Crypt:3:  evilmike_haunted_forest
Tomb:1
Depths:1: layout_forbidden_donut, enter_ziggurat_a, hell_entry, abyss_entry,
          nicolae_concentric_dashed_squares_mild, nicolae_island_escapes
Depths:2: minmay_concentric_multi, layout_gridlike, hell_entry, serial_rivers,
          chequers_serial_rivers_small_3, chequers_serial_rivers_small_b,
          chequers_serial_rivers_large_b, chequers_serial_rivers_marsh,
          chequers_serial_rivers_micro_a, pan_entry, glass_columns_b
Depths:3: minmay_octagon_keep, layout_basic, abyss_entry, pf_coc_iceberg,
          hex_tiny, grunt_gozag_statues, minmay_staircase_bubble
Depths:4: grunt_zot_entry_tricorne, layout_gridlike,
          nicolae_vehumet_altar_sigil, hell_entry, abyss_entry,
          minmay_misc_feat_secret_circle, minmay_misc_feat_x, uniq_vv,
          uniq_mennas
Zot:1:    lemuel_halls_of_wrath, layout_twisted_circle, st_single_dragon_hoard_2
Zot:2:    layout_cathedral_of_symmetry, grunt_megastairs_1
Zot:3:    regret_index_qazlal_generations, layout_gridlike
Zot:4:    layout_misc_corridors, grunt_ministairs_11, grunt_megastairs_5,
          uniq_josephina
Zot:5:    layout_cathedral_of_symmetry, lemuel_flame_loot_1

Skill      XL: |  1  2  3  4  5  6  7  8  9 10 11 12 13 14 15 16 17 18 19 20 21 22 23 24 25 26 |
---------------+-------------------------------------------------------------------------------+-----
Shields        | 4 |  4.3
Maces & Flails | 3 |  3.1
Ranged Weapons | 3 4 5 7 10 12 15 16 17 21 | 21.0
Shapeshifting  | 2 |  2.7
Fighting       | 9 12 15 16 18 20 21 22 25 27 | 27.0
Dodging        | 4 8 10 11 13 14 16 17 | 17.4
Spellcasting   | 5 7 11 12 | 12.2
Air Magic      | 4 |  4.8
Transmutations | 5 |  5.6
Translocations | 9 |  9.7
Invocations    | 3 12 15 16 | 16.5
Armour         | 10 | 10.4
Stealth        | 10 | 10.7
Summonings     | 9 |  9.5

Action                     |  1- 3 |  4- 6 |  7- 9 | 10-12 | 13-15 | 16-18 | 19-21 | 22-24 | 25-27 || total
---------------------------+-------+-------+-------+-------+-------+-------+-------+-------+-------++-------
  Melee: Flail             |   142 |   171 |    23 |       |       |       |       |       |       ||   336
         Orcbow            |       |       |       |       |       |       |       |     2 |       ||     2
   Fire: Orcbow            |       |       |   240 |   544 |  1260 |  1698 |  1874 |  2648 |   708 ||  8972
         Longbow           |       |       |       |       |       |       |       |       |   964 ||   964
   Cast: Wereblood         |       |       |       |       |     2 |    66 |    54 |    56 |    22 ||   200
         Teleport Other    |       |       |       |       |       |     3 |     3 |     5 |     2 ||    13
         Swiftness         |       |       |       |       |       |       |     1 |       |     1 ||     2
         Blink             |       |       |       |       |       |       |       |     3 |     2 ||     5
         Dispersal         |       |       |       |       |       |       |       |     3 |     5 ||     8
         Apportation       |       |       |       |       |       |       |       |       |     2 ||     2
         Summon Lightning  |       |       |       |       |       |       |       |       |     1 ||     1
         Ozocubu's Armour  |       |       |       |       |       |       |       |       |     2 ||     2
 Invoke: Ancestor Life: Kn |       |       |       |     1 |       |       |       |       |       ||     1
         Recall Ancestor   |       |       |       |       |     1 |     3 |     2 |    10 |     8 ||    24
         Ancestor Identity |       |       |       |       |       |       |       |     1 |       ||     1
         Idealise          |       |       |       |       |       |       |       |       |     6 ||     6
  Evoke: Wand              |       |     7 |       |       |       |     1 |       |       |       ||     8
    Use: Scroll            |     3 |       |     2 |    10 |    10 |    15 |    15 |     4 |     7 ||    66
         Potion            |       |       |     1 |     6 |       |     8 |     2 |     9 |    26 ||    52
 Armour: Scale mail        |    99 |   121 |   105 |   184 |       |       |       |       |       ||   509
         Troll leather arm |       |       |       |   113 |    35 |       |       |       |       ||   148
         Robe              |       |       |       |       |   197 |   579 |   636 |   832 |   468 ||  2712
  Dodge: Dodged            |    75 |    62 |    66 |   145 |   235 |   642 |   751 |  1100 |   768 ||  3844
  Block: Buckler           |    43 |    52 |    14 |       |       |       |       |       |       ||   109

Table legend: (Time is in decaauts)
 A = Elapsed time spent in this place.
 B = Non-inter-level travel time spent in this place.
 C = Inter-level travel time spent in this place.
 D = Time resting spent in this place.
 E = Time spent auto-exploring this place.
 F = Levels seen in this place.
 G = Mean time per level.
                   A        B        C        D        E       F      G
               +--------+--------+--------+--------+--------+-----+--------+
         Total |  77351 |  68001 |   9350 |  19206 |  31157 |  60 | 1289.2 |
       Dungeon |  19410 |  15558 |   3852 |   2635 |   9725 |  15 | 1294.0 |
        Temple |     21 |     12 |      9 |      0 |      0 |   1 |   21.0 |
          Lair |   6905 |   5071 |   1834 |    498 |   3496 |   5 | 1381.0 |
         Swamp |   3582 |   3297 |    285 |    802 |   1857 |   4 |  895.5 |
   Spider Nest |   5749 |   5237 |    512 |   1556 |   2439 |   4 | 1437.2 |
    Slime Pits |   7144 |   6701 |    443 |   3592 |   1318 |   5 | 1428.8 |
  Orcish Mines |   2291 |   2028 |    263 |    275 |   1161 |   2 | 1145.5 |
   Elven Halls |   5822 |   5224 |    598 |   1992 |   1435 |   3 | 1940.7 |
        Vaults |   8865 |   8277 |    588 |   2670 |   3631 |   4 | 2216.2 |
         Crypt |   5801 |   5397 |    404 |   1802 |   2336 |   3 | 1933.7 |
          Tomb |    747 |    727 |     20 |    177 |    144 |   1 |  747.0 |
        Depths |   7709 |   7181 |    528 |   2520 |   3028 |   4 | 1927.2 |
           Zot |   2392 |   2381 |     11 |    605 |    565 |   5 |  478.4 |
         Abyss |    785 |    785 |      0 |     78 |      0 |   3 |  261.7 |
        Bazaar |    120 |    120 |      0 |      0 |     20 |   1 |  120.0 |
               +--------+--------+--------+--------+--------+-----+--------+

Top non-repeatable levels by time:
Vaults:1: 2762 daAuts
 Crypt:3: 2562 daAuts
 Crypt:1: 2442 daAuts
   Elf:3: 2387 daAuts
Vaults:3: 2377 daAuts
    D:12: 2291 daAuts
Depths:1: 2139 daAuts
Depths:3: 2102 daAuts
 Slime:5: 2087 daAuts
   Elf:2: 2049 daAuts
Spider:4: 2032 daAuts
Depths:2: 2016 daAuts
Vaults:2: 1990 daAuts
 Slime:4: 1980 daAuts
  Lair:1: 1980 daAuts
